Unix NetHack Version 5.0.0-0 post-release - last build May 10 2026 23:12:36 (d1fa5d53e341ca933230fdaa984d921c805b60aa,branch:main).

Game began 2026-05-15 15:09:59, ended 2026-05-15 16:07:17.

Gary, lawful male human Samurai

                ----                -----------              --
                |..|              ---.--.--.|.----          --.--
               --..|              |............|.---        |...|
               |...---            |................--        -..---
               |.....|    ---      -...-............|  ----  --...|
               --....--   |.----   --.........@%..d.----..--  |...|
                ---...-----....-----....--....a......--....-----*.--      ---
                  --.....|.......--.....|--...................---..----  -..|
                   --.........."0......------>.---...........).---....---...
                    |.........--...---.......(.........[.[....).))........-
                ----|%..^.....|---.| |..-----------....%.)....------....---
  ----          |..||.|.......-  |.| |...----    |............-    ---...----
  |..-----     --..-|^|-........-|.----.....------..--.|.|.....-     |....<.|
  |......-------....|)----.......|.........0.......-|------.--....   ---..^.|
 --.----.....^.........| ------.----.-)...[..[......|     --- ....-    |..---
 |..|.--------.........|       -|.......)..----....--         -....-   ----
 |.....|     -----.....|        |.)........|  |....-           .....
 |.....|         ---...|        --.........|  -.....|           ...--
 |...---           --.--         --........|  ......|           .---
 --..|              ---           ----.|.--- |.--.---           --
  ----                               -----   -- ---
Gary the Ninja         St:9 Dx:15 Co:17 In:11 Wi:9 Ch:6  Lawful S:5630
Dlvl:6  $:0  HP:0(55) Pw:28(28) AC:1  Xp:8/1315 T:6441  Burdened

Latest messages:
 The Uruk-hai turns to flee.
 You kill the Uruk-hai!
 Welcome to experience level 8.
 There is an Uruk-hai corpse here; eat it? y
 This Uruk-hai corpse is tough.
 Hachi picks up a gunyoki.
 Hachi drops a gunyoki.
 You finish eating the Uruk-hai corpse.
 Hachi misses the fire ant.
 You hit the fire ant.
 The fire ant just misses!
 The fire ant bites!
 You're on fire!
 You miss the fire ant.
 The fire ant misses!
 The fire ant bites!
 You avoid harm.
 Hachi misses the fire ant.
 You hit the fire ant!
 The fire ant bites!
 The fire ant bites again!
 You avoid harm.
 Hachi misses the fire ant.
 The fire ant bites!
 The fire ant bites again!
 You're on fire!
 The fire ant bites!
 The fire ant bites again!
 You're on fire!
 Hachi bites the fire ant.
 The fire ant bites Hachi.
 The fire ant misses Hachi.
 The fire ant bites!
 The fire ant bites again!
 You're on fire!
 The fire ant just misses!
 The fire ant bites!
 You avoid harm.
 Hachi misses the red mold.
 The fire ant bites!
 The fire ant bites again!
 You avoid harm.
 What do you want to zap? [fnpXY or ?*] ?
 In what direction?
 You kill the fire ant!
 You kill the red mold!
 The fire ant bites!
 The fire ant bites again!
 You're on fire!
 You die...

Inventory:
 Amulets  ('"')
  G - a blessed amulet of ESP (being worn)
 Weapons  (')')
  z - a +0 crossbow bolt
  d - 14 +0 ya (in quiver)
  c - a +0 yumi (alternate weapon; not wielded)
  x - 2 +0 orcish daggers
  a - a corroded +0 katana (weapon in right hand)
 Armor    ('[')
  I - an uncursed +0 orcish helm (being worn)
  u - an uncursed +0 pair of jumping boots (being worn)
  Q - an uncursed +0 elven cloak (being worn)
  e - an uncursed rustproof +0 splint mail (being worn)
 Comestibles  ('%')
  M - 2 uncursed bananas
  h - 4 uncursed gunyoki
  y - an uncursed tripe ration
  C - an uncursed egg
  j - an uncursed lichen corpse
  l - an uncursed lizard corpse
 Scrolls  ('?')
  J - a blessed scroll of confuse monster
  o - an uncursed scroll of create monster
  T - an uncursed scroll of gold detection
  Z - an uncursed scroll of identify
  N - a cursed scroll of identify
  k - 2 uncursed scrolls of magic mapping
  P - a blessed scroll of punishment
  E - an uncursed scroll of scare monster
  W - an uncursed scroll of teleportation
 Potions  ('!')
  q - an uncursed potion of gain energy
  i - a blessed potion of hallucination
  g - a blessed potion of healing
  H - an uncursed potion of levitation
  K - 2 uncursed potions of object detection
  U - a cursed potion of object detection
  v - an uncursed potion of paralysis
  m - an uncursed potion of sickness
  r - 2 uncursed potions of water
 Wands    ('/')
  p - a wand of cold (0:5)
  n - a wand of locking (0:3)
  X - a wand of stasis (0:5)
  Y - a wand of striking (0:4)
  f - a wand of striking (0:3)
 Tools    ('(')
  B - an uncursed blindfold
  w - an uncursed magic whistle
  s - an uncursed stethoscope
  t - an uncursed tallow candle
 Gems/Stones  ('*')
  L - an uncursed worthless piece of red glass

Gary the Samurai's attributes:

Background:
 You were a Ninja, a level 8 male human Samurai.
 You were lawful, nominally on a mission for Amaterasu Omikami
 who was opposed by Raijin (neutral) and Susanowo (chaotic).
 You were right-handed.
 You were in the Gnomish Mines, on level 6.
 You entered the dungeon 6441 turns ago.
 You had 1315 experience points, 1245 more were needed to attain level 9.
 Your score was 5630 before end-of-game adjustments.

Basics:
 You had 0 out of 55 hit points.
 You had all 28 energy points (spell power).
 Your armor class was 1.
 Your wallet was empty.
 Autopickup was on for '$' plus thrown.

Final Characteristics:
 Your strength was 9 (peak:15, limit:18/100).
 Your dexterity was 15 (peak:16, limit:18).
 Your constitution was 17 (peak:18, limit:18).
 Your intelligence was 11 (limit:18).
 Your wisdom was 9 (limit:18).
 Your charisma was 6 (limit:18).

Final Status:
 You weren't hungry.
 You were burdened; movement was slightly slowed.
 You were wielding a long sword.
 You were skilled in long sword and could have enhanced that.

Final Attributes:
 You were piously aligned.
 You were telepathic.
 You were stealthy.
 You could jump.
 You were warded.
 You were fast.
 You are dead.

Miscellaneous:
 You didn't encounter any bones levels.
 Total elapsed playing time was 57 minutes and 18 seconds.

Major events:
 Turn
    1: Gary the lawful male human Samurai entered the dungeon
 1057: attained the rank of Ronin (level 3)
 1383: entered the Gnomish Mines
 3002: attained the rank of Ninja (level 6)
 6441: killed by a fire ant

You didn't know any spells.

Skills:
 Fighting Skills
   martial arts      [Basic]
   two weapon combat [Unskilled]
   riding            [Unskilled]
 Weapon Skills
   dagger            [Unskilled]
   knife             [Unskilled]
   short sword       [Basic]
   broadsword        [Unskilled]
   long sword        [Skilled]
   two-handed sword  [Unskilled]
   saber             [Unskilled]
   flail             [Unskilled]
   quarterstaff      [Unskilled]
   polearms          [Unskilled]
   spear             [Unskilled]
   lance             [Unskilled]
   bow               [Basic]
   shuriken          [Unskilled]
 Spellcasting Skills
   attack spells     [Unskilled]
   divination spells [Unskilled]
   clerical spells   [Unskilled]

Voluntary challenges:
 Character rerolling was not enabled.
 You were an atheist.
 You never genocided any monsters.
 You never polymorphed an object.
 You never changed form.
 You used no wishes.
Achievements:
 You entered a shop.
 You attained the rank of Ronin.
 You entered the Gnomish Mines.
 You attained the rank of Ninja.

 The Dungeons of Doom: levels 1 to 8
    Level 1:
       Some fountains.
    Level 2:
    Level 3: "stash, shop w/d mith"
       An armor shop.
    Level 4: "food stash"
       Stairs down to The Gnomish Mines.
    Level 5:
    Level 6:
       A fountain.
    Level 7:
       Many fountains.
       Oracle of Delphi.
    Level 8:
 The Gnomish Mines: levels 5 to 6
    Level 5:
    Level 6: <- You were here.
       Final resting place for
          you, killed by a fire ant.


Vanquished creatures:
  a human mummy
  a giant beetle
  3 wolves
  4 leprechauns
 an orc mummy
  a lizard
  a dog
  a housecat
  a blue jelly
  a fire ant
  2 mountain nymphs
  2 Mordor orcs
  8 Uruk-hai
 an orc shaman
  3 rock piercers
  2 ponies
  3 fog clouds
  a gnome leader
  3 gnomish wizards
  a kobold mummy
  3 gray oozes
  2 straw golems
  6 giant ants
  a little dog
  3 floating eyes
  2 kittens
  2 dwarves
  2 kobold leaders
  7 hill orcs
  6 rothes
  2 rabid rats
  a centipede
  a giant bat
 an iguana
  a hobbit
  2 large kobolds
  5 cave spiders
  a brown mold
  a yellow mold
  a green mold
  2 red molds
 17 gnomes
  2 gnome zombies
  3 geckos
  9 jackals
  2 foxes
  2 kobolds
  5 goblins
  5 sewer rats
 11 grid bugs
  4 lichens
  2 kobold zombies
  6 newts
161 creatures vanquished.

No species were genocided or became extinct.

Game over:
                       ----------
                      /          \
                     /    REST    \
                    /      IN      \
                   /     PEACE      \
                  /                  \
                  |       Gary       |
                  |       0 Au       |
                  | killed by a fire |
                  |       ant        |
                  |                  |
                  |                  |
                  |       2026       |
                 *|     *  *  *      | *
        _________)/\\_//(\/(/\)/\//\/|_)_______

Sayonara Gary the Samurai...

You died in The Gnomish Mines on dungeon level 6 with 5630 points,
and 0 pieces of gold, after 6441 moves.
You were level 8 with a maximum of 55 hit points when you died.

